 Dungeon Crawl Stone Soup version 0.28.0-53-g5a82cb258f (webtiles) character file.

Game seed: 15267025799825515404

978 cbfl8 the Chopper (level 7, -6/61 HPs)
             Began as a Minotaur Abyssal Knight on July 17, 2022.
             Was a Believer of Lugonu.
             Mangled by a green ugly thing (10 damage)
             ... on level 8 of the Dungeon.
             The game lasted 00:07:36 (5322 turns).

cbfl8 the Chopper (Minotaur Abyssal Knight)         Turns: 5322, Time: 00:07:37

Health: -6/61      AC: 10    Str: 33    XL:     7   Next: 95%
Magic:  0/7        EV: 12    Int:  7    God:    Lugonu [**....]
Gold:   188        SH:  0    Dex: 11    Spells: 6/6 levels left

rFire   . . .      SeeInvis .   x - +0 war axe
rCold   + . .      Faith    .   (no shield)
rNeg    . . .      Spirit   .   r - +1 ring mail {rC+}
rPois   .          Reflect  .   (helmet restricted)
rElec   .          Harm     .   (no cloak)
rCorr   .          Rampage  .   y - +2 pair of gloves
Will    .....                   (no boots)
Stlth   +.........              (no amulet)
HPRegen 0.20/turn               j - +6 ring of strength
MPRegen 0.10/turn               n - +6 ring of strength

@: on berserk cooldown
A: horns 2, retaliatory headbutt, strong 1, MP-powered wands
a: Renounce Religion, Depart the Abyss, Bend Space


You were on level 8 of the Dungeon.
You worshipped Lugonu.
Lugonu was pleased with you.
You visited 2 branches of the dungeon, and saw 8 of its levels.
You visited the Abyss 1 time.
You also visited: Bailey.

You collected 188 gold pieces.

Inventory:

Hand Weapons
 a - a +1 hand axe
 c - a +0 arbalest
 w - a +1 hand axe of freezing
 x - a +0 war axe (weapon)
Missiles
 e - 89 bolts
 g - a throwing net
Armour
 b - a +0 leather armour
 h - a +0 ring mail
 p - an orb of energy
 r - a +1 ring mail of cold resistance (worn)
 y - a +2 pair of gloves (worn)
Jewellery
 j - a +6 ring of strength (left hand)
 n - a +6 ring of strength (right hand)
Scrolls
 k - a scroll of brand weapon {unknown}
 o - a scroll of vulnerability
 s - a scroll of teleportation {unknown}
 v - a scroll of fear {unknown}
Potions
 i - a potion of attraction
 t - a potion of invisibility {unknown}


   Skills:
 + Level 5.5 Fighting
 + Level 7.6 Axes
 + Level 5.7 Armour
 + Level 3.2 Dodging
 + Level 1.1 Stealth
 + Level 2.4 Invocations


You had 6 spell levels left.
You didn't know any spells.
Your spell library contained the following spells:

 Spells                   Type           Power      Damage    Failure   Level
 Foxfire                  Conj/Fire      0%         2x1d4     52%         1
 Sandblast                Erth           0%         2d4       52%         1
 Passwall                 Tmut/Erth      0%         N/A       67%         2
 Static Discharge         Conj/Air       0%         N/A       67%         2
 Conjure Flame            Conj/Fire      0%         6-21      88%         3
 Inner Flame              Hex/Fire       0%         N/A       88%         3
 Stone Arrow              Conj/Erth      0%         3d7       88%         3
 Dispel Undead            Necr           0%         3d6       99%         4
 Flame Wave               Conj/Fire      0%         2d4       99%         4
 Sticky Flame             Conj/Fire      0%         2d3       99%         4


Dungeon Overview and Level Annotations

Branches:
Dungeon (8/15)             Temple (1/1) D:4          Bailey (visited)
   Lair: D:8-11

Altars:
Kikubaaqudgha
Okawaru
Qazlal

Shops:
D:3 [


Innate Abilities, Weirdness & Mutations

You have a pair of horns on your head.
You reflexively headbutt those who attack you in melee.
Your muscles are strong. (Str +2)
You expend magic power (3 MP) to strengthen your wands.


Message History

There is an empty arch of ancient stone here.
You start resting.
An ogre comes into view. It is wielding a +0 giant spiked club.
An ogre is nearby!
An ogre is nearby!
An ogre is nearby!
An ogre is nearby!
An ogre is nearby!
The ogre shouts!
There is an escape hatch in the floor here.
You slide downwards.
The hatch slams shut behind you.
The deep elf pyromancer shouts!
The green ugly thing gurgles horribly!
A green ugly thing breaks down the door.
The deep elf pyromancer mumbles some strange words.
The deep elf pyromancer blinks!
You see here 32 gold pieces.
Press: ? - help, Shift-Dir - straight line, f - green ugly thing
Aim: a green ugly thing (chance to affect: 66%)
The green ugly thing struggles to resist.
You can no longer banish your foes.
The green ugly thing completely misses you.
The green ugly thing barely misses you. Space bends around you!
You blink.
The deep elf pyromancer hits you but does no damage.
The green ugly thing barely misses you.
The deep elf pyromancer points at you and mumbles some strange words.
The bolt of fire misses you.
The bolt of fire hits the plant!!
The plant begins to die.
Space bends around you!
You blink.
Okay, then.
As you read the scroll of fog, it crumbles to dust.
The scroll dissolves into smoke.
Space bends around you!
You blink.
A nearby plant withers and dies.
As you read the scroll labelled JUMATHR NIUVIADD, it crumbles to dust.
Your body is wracked with pain!
* * * LOW HITPOINT WARNING * * *
The green ugly thing convulses!
It was a scroll of torment.
You feel yourself speed up. The green ugly thing pecks you!
You die...

*,,,****,,,,*,,*,,,,,,,
*,,*,****,,*,**,**,***,
*,,,,,,,,,*,*,,*,,,**,*
*,,,***,**,*,*****,,***
*,,,,,,,,,*,,*,,,,*,*,,
*,,,**,***,,,**,**,,*,*
*,,,,,,,,,,*****,,,,,,,
*,,###+###,*,*,*,******
*,,#Pu@§P#,**,,*,*,,,,,
*,,#e###§#,*,,,*,*,***,
*,,#§#$#.#,,*,*,,+,*,+,
*,,#§#'#.#,*,,**,*,***,
*,,#§...P#,,*,**,*,,,,,
*,,#######,**,*,,******
*,,,,,,,,,,,,,,,,,,,,,,
*,,,,*************,,,,,
****** ******


You could see a green ugly thing and a deep elf pyromancer.

Vanquished Creatures
  3 orc warriors (Bailey)
  A scorpion (D:5)
  A water moccasin zombie (D:7)
  4 wights (D:4)
  3 hounds
  2 jellies
  A gnoll shaman (D:4)
  An iguana (D:4)
  An orc wizard (D:4)
  3 gnolls (D:5)
  7 adders
  An adder skeleton (D:4)
  A worm (D:3)
  A dart slug (D:4)
  11 orcs
  7 ball pythons
  7 bats
  2 endoplasms (D:4)
  A giant cockroach (D:3)
  12 goblins
  3 hobgoblins
  3 jackals (D:1)
  10 kobolds
  4 quokkas
  5 frilled lizards
  5 rats
100 creatures vanquished.

Vanquished Creatures (others)
  A plant (D:8)
1 creature vanquished.

Grand Total: 101 creatures vanquished

Notes
Turn   | Place    | Note
-------+----------+-------------------------------------------
     0 | Abyss:1  | cbfl8 the Minotaur Abyssal Knight began the quest for the
                  | Orb.
     0 | Abyss:1  | Reached XP level 1. HP: 19/19 MP: 1/1
    58 | Abyss:1  | Noticed a large abomination
    61 | D:1      | Escaped the Abyss
   471 | D:1      | Reached XP level 2. HP: 24/27 MP: 2/2
   504 | D:1      | Reached * piety under Lugonu
   934 | D:1      | Reached skill level 3 in Axes
  1860 | D:2      | Reached XP level 3. HP: 33/33 MP: 3/3
  2224 | D:3      | Found Pufigut's Antique Armour Shoppe.
  2261 | D:3      | Reached skill level 4 in Axes
  2261 | D:3      | Reached XP level 4. HP: 30/40 MP: 4/4
  2336 | D:3      | Found an iron altar of Okawaru.
  2345 | D:3      | Reached ** piety under Lugonu
  3062 | D:4      | Reached skill level 5 in Axes
  3062 | D:4      | Reached XP level 5. HP: 38/46 MP: 5/5
  3540 | D:4      | Found a staircase to the Ecumenical Temple.
  3577 | Temple   | Entered the Ecumenical Temple
  3948 | D:4      | Found a stormy altar of Qazlal.
  4150 | D:4      | Reached XP level 6. HP: 50/53 MP: 6/6
  4201 | D:4      | Reached skill level 6 in Axes
  4403 | D:5      | Entered Level 5 of the Dungeon
  4561 | D:5      | Reached XP level 7. HP: 59/60 MP: 7/7
  4568 | D:4      | Reached skill level 5 in Armour
  4601 | D:5      | Noticed a yak
  4602 | D:5      | Noticed a yak
  4603 | D:5      | Noticed a yak
  4604 | D:5      | Noticed a yak
  4605 | D:5      | Noticed a yak
  4854 | D:5      | Reached skill level 5 in Fighting
  4855 | D:5      | You fall into a shaft and drop 3 floors!
  4905 | D:7      | Reached skill level 7 in Axes
  4905 | D:7      | Reached skill level 1 in Stealth
  4922 | D:7      | Found an ancient bone altar of Kikubaaqudgha.
  4949 | D:7      | Found a flagged portal.
  4962 | Bailey   | Entered a bailey
  5292 | Bailey   | Gained mutation: Your muscles are strong. (Str +2) [potion
                  | of mutation]
  5292 | Bailey   | Gained mutation: You expend magic power (3 MP) to
                  | strengthen your wands. [potion of mutation]
  5296 | Bailey   | Reached *** piety under Lugonu
  5316 | D:8      | Noticed a deep elf pyromancer
  5316 | D:8      | Noticed a green ugly thing
  5322 | D:8      | Mangled by a green ugly thing

Illustrated notes

Levels and vault maps discovered:
D:1:      kilobyte_arrival_exit_the_forest, layout_loops_corners,
          lemuel_flame_loot_1
D:2:      layout_basic
D:3:      layout_basic, mainiacjoe_overflow_catwalk, serial_shops,
          nicolae_lakefront_shop
D:4:      layout_basic, grunt_qazlal_clouds, minmay_temple_entry_stoned_glass,
          grunt_tough_drop
D:5:      layout_cave_pools, corexii_shack
D:7:      layout_cave_pools, nicolae_kikubaaqudgha_miasma_corner,
          enter_bailey_5, uniq_joseph
D:8:      layout_cave_pools, serial_shops, nicolae_stop_n_shop_1,
          minmay_shattered_shrine
Temple:   dpeg_five_rooms_temple

Skill      XL: |  1  2  3  4  5  6  7 |
---------------+----------------------+-----
Fighting       | 4 5 |  5.5
Axes           | 3 4 5 6 7 |  7.6
Armour         | 3 4 5 |  5.7
Dodging        | 2 3 |  3.2
Invocations    | 2 |  2.4
Stealth        | 1 |  1.1

Action                   |  1- 3 |  4- 6 |  7- 9 || total
-------------------------+-------+-------+-------++-------
Melee: Hand axe          |    66 |    76 |       ||   142
       Headbutt          |    14 |    16 |     5 ||    35
       Punch             |     2 |       |     2 ||     4
       War axe           |       |    11 |    34 ||    45
Invok: Depart the Abyss  |     1 |       |       ||     1
       Bend Space        |       |     4 |     3 ||     7
       Banish            |       |       |     1 ||     1
  Use: Scroll            |       |       |     8 ||     8
       Potion            |       |       |     8 ||     8
Armor: Leather armour    |     2 |       |       ||     2
       Ring mail         |    21 |    29 |    28 ||    78
Dodge: Dodged            |    52 |    60 |    54 ||   166
